 Dungeon Crawl Stone Soup version 0.26-a0-651-gb41185065b (console) character file.

Game seed: 3637016844812633609

145 om the Chiller (level 5, 0/35 HPs)
             Began as a Vampire Ice Elementalist on Sept 28, 2020.
             Slain by an orc priest
             ... wielding a +0 club
              (4 damage)
             ... on level 3 of the Dungeon.
             The game lasted 00:05:11 (2493 turns).

om the Chiller (Vampire Ice Elementalist)           Turns: 2493, Time: 00:05:11

Health: 0/35       AC:  2    Str:  7    XL:     5   Next: 6%
Magic:  9/9        EV: 13    Int: 18    God:
Gold:   103        SH:  0    Dex: 15    Spells: 5/9 levels left

rFire    . . .     SeeInvis +   b - +0 dagger
rCold    . . .     Faith    .   (no shield)
rNeg     . . .     Spirit   .   a - +0 robe
rPois    .         Reflect  .   (no helmet)
rElec    .         Harm     .   (no cloak)
rCorr    .         Rampage  .   (no gloves)
MR       .....                  (no boots)
Stlth    +++.......             (no amulet)
HPRegen  0.31/turn              (no ring)
MPRegen  0.11/turn              (no ring)

@: regenerating quickly
A: fangs 3, see invisible, unbreathing
a: Exsanguinate


You were on level 3 of the Dungeon.
You visited 1 branch of the dungeon, and saw 3 of its levels.

You collected 103 gold pieces.

Inventory:

Hand Weapons
 b - a +0 dagger (weapon)
Armour
 a - a +0 robe (worn)
Scrolls
 c - 2 scrolls of remove curse
 j - a scroll of teleportation
Potions
 d - 2 potions of magic {unknown}
 e - a potion of invisibility {unknown}
 f - a potion of heal wounds {unknown}
 g - 2 potions of lignification {unknown}
 h - 3 potions of curing {unknown}
 i - a potion of brilliance {unknown}
 k - a potion of mutation {unknown}


   Skills:
 - Level 0.1 Fighting
 + Level 1.3 Short Blades
 + Level 2.7 Dodging
 + Level 3.8 Stealth
 - Level 0.8 Unarmed Combat
 + Level 2.7 Spellcasting
 + Level 5.2 Ice Magic


You had 5 spell levels left.
You knew the following spells:

 Your Spells              Type           Power        Failure   Level
a - Freeze                Ice            ###.         1%          1
b - Frozen Ramparts       Ice            ###...       6%          3

Your spell library contained the following spells:

 Spells                   Type           Power        Failure   Level
 Ozocubu's Armour         Ice            ###.....     6%          3
 Hailstorm                Conj/Ice       ##......     50%         4
 Summon Ice Beast         Ice/Summ       ##......     50%         4


Dungeon Overview and Level Annotations

Branches:
Dungeon (3/15)

Altars:


Innate Abilities, Weirdness & Mutations

Your natural rate of healing is unusually fast.
You have razor-sharp teeth.
You have supernaturally acute eyesight. (SInv)
You can survive without breathing.


Message History

You hit the orc wizard but do no damage.
The orc wizard gestures at you while chanting.
The magic dart hits you!
The orc wizard hits you with a +0 dagger.
The orc wizard points at you and mumbles some strange words.
The magic dart hits you! The orc wizard barely misses you.
Things that are here:
a +0 war axe; an orc corpse The orc wizard points at you and mumbles some strange words.
The magic dart hits you.
The orc wizard points at you and mumbles some strange words.
The magic dart hits you.
* * * LOW HITPOINT WARNING * * *
You see here a +0 mace.
The orc wizard points at you and mumbles some strange words.
The magic dart hits you.
* * * LOW HITPOINT WARNING * * *
There is a stone staircase leading up here.
The orc priest hits you with a +0 club.
You die...

#.# #.......# #.#
#.#####.#
#.###.#..##.#
#####...#.......#
#...........#####
#...........#
#...........#
#.....o....)#
..........)...#
o........o.o)o#
....#########@#
o... ### .K. #


You could see 2 orc priests and 2 orc wizards.

Vanquished Creatures
  An orc priest (D:3)
  An orc wizard (D:3)
  An adder (D:3)
  3 oozes
  A worm (D:2)
  A dart slug (D:2)
  A leopard gecko (D:2)
  4 orcs (D:3)
  2 bats
  4 giant cockroaches
  5 goblins
  5 hobgoblins
  6 jackals (D:2)
  4 kobolds (D:1)
  A quokka (D:2)
  2 ball pythons (D:2)
  6 frilled lizards
  10 rats
58 creatures vanquished.

Notes
Turn   | Place    | Note
-------+----------+-------------------------------------------
     0 | D:1      | om the Vampire Ice Elementalist began the quest for the
                  | Orb.
     0 | D:1      | Reached XP level 1. HP: 13/13 MP: 3/3
   216 | D:1      | Reached XP level 2. HP: 15/19 MP: 0/5
   553 | D:1      | Reached XP level 3. HP: 23/24 MP: 2/6
   776 | D:1      | Learned a level 3 spell: Frozen Ramparts
  1146 | D:2      | Reached skill level 5 in Ice Magic
  1842 | D:2      | Reached XP level 4. HP: 30/30 MP: 1/7
  2172 | D:3      | Reached skill level 1 in Short Blades
  2439 | D:3      | Reached XP level 5. HP: 35/35 MP: 4/9
  2493 | D:3      | Slain by an orc priest

Illustrated notes

Levels and vault maps discovered:
D:1:      dpeg_arrival_long_road, layout_rooms
D:2:      layout_loops_ring
D:3:      layout_basic

Skill      XL: |  1  2  3  4 |
---------------+-------------+-----
Ice Magic      | 5 |  5.2
Short Blades   | 1 |  1.3
Fighting       | |  0.1
Dodging        | |  2.7
Stealth        | |  3.8
Unarmed Combat | |  0.8
Spellcasting   | |  2.7

Action                   |  1- 3 |  4- 6 || total
-------------------------+-------+-------++-------
Melee: Unarmed           |    13 |       ||    13
       Dagger            |    65 |    20 ||    85
       Bite              |     9 |     1 ||    10
 Cast: Freeze            |    33 |     6 ||    39
       Frozen Ramparts   |     2 |     3 ||     5
  Use: Scroll            |       |     3 ||     3
 Stab: Sleeping          |     5 |       ||     5
Armor: Robe              |    16 |       ||    16
Dodge: Dodged            |    65 |    18 ||    83

Table legend: (Time is in decaauts)
 A = Elapsed time spent in this place.
 B = Non-inter-level travel time spent in this place.
 C = Inter-level travel time spent in this place.
 D = Time resting spent in this place.
 E = Time spent auto-exploring this place.
 F = Levels seen in this place.
 G = Mean time per level.
                   A        B        C        D        E       F      G
               +--------+--------+--------+--------+--------+-----+--------+
         Total |   2494 |   2417 |     77 |   1117 |    731 |   3 |  831.3 |
       Dungeon |   2494 |   2417 |     77 |   1117 |    731 |   3 |  831.3 |
               +--------+--------+--------+--------+--------+-----+--------+

Top non-repeatable levels by time:
     D:2: 1232 daAuts
     D:1: 980 daAuts
     D:3: 281 daAuts
